 Dungeon Crawl Stone Soup version 0.24.0-13-gcf9b3192b9 (webtiles) character file.

Game seed: 16125503130830361339, levelgen mode: deterministic

61485 H0rd4k the Fighter (level 15, -2/119 HPs)
             Began as a Human Artificer on Nov 2, 2019.
             Was an Initiate of Gozag.
             Slain by an orc warlord
             ... wielding a +2 halberd of venom
              (16 damage)
             ... on level 2 of the Orcish Mines on Nov 5, 2019.
             The game lasted 01:31:55 (32096 turns).

H0rd4k the Fighter (Human Artificer)               Turns: 32096, Time: 01:31:55

Health: -2/119     AC: 14    Str: 24    XL:     15   Next: 42%
Magic:  19/19      EV: 18    Int: 15    God:    Gozag
Gold:   1319       SH:  4    Dex: 17    Spells: 15/20 levels left

rFire    . . .     SeeInvis .   x - +8 scimitar of Defiance {holy, rPois Str+3 Int+2 Dex+3}
rCold    . . .     Gourm    .   (no shield)
rNeg     . . .     Faith    .   P - +2 ring mail {MR+}
rPois    +         Spirit   .   K - +0 helmet
rElec    .         Reflect  +   N - +0 cloak
rCorr    .         Harm     .   v - +1 pair of gloves
MR       ++...                  (no boots)
Stlth    +++++.....             y - +4 amulet of reflection
HPRegen  0.29/turn              p - ring of stealth
MPRegen  0.16/turn              Q - +4 ring of strength

@: lethally poisoned (-2 -> -11), hasted, very quick
A: subdued magic 1
a: Potion Petition, Call Merchant, Bribe Branch, Renounce Religion


You were on level 2 of the Orcish Mines.
You worshipped Gozag.
Gozag was most pleased with you.
You were hungry.

You visited 4 branches of the dungeon, and saw 21 of its levels.
You also visited: Sewer and Ossuary.

You collected 5922 gold pieces.
You spent 2418 gold pieces at shops.
You paid 2185 gold pieces to Gozag.

Inventory:

Hand Weapons
 h - the +3 dire flail of Untruth {freeze, +Blink Str+3 Int+4}
   (You found it on level 6 of the Lair of Beasts)

   It has been specially enchanted to freeze those struck by it, causing extra
   injury to most foes and up to half again as much damage against particularly
   susceptible opponents.
   It can also slow down cold-blooded creatures.
   It affects your strength (+3).
   It affects your intelligence (+4).
   It lets you blink.
 x - the +8 scimitar of Defiance (weapon) {holy, rPois Str+3 Int+2 Dex+3}
   (You bought it in a shop on level 11 of the Dungeon)

   It has been blessed by the Shining One to cause great damage to the undead
   and demons.
   It affects your strength (+3).
   It affects your intelligence (+2).
   It affects your dexterity (+3).
   It protects you from poison.
 I - the +5 hand crossbow of Wipatach {penet, rPois rN++ MR+ Dex+3}
   (You bought it in a shop on level 11 of the Dungeon)

   Ammo fired by it will pass through the targets it hits, potentially hitting
   all targets in its path until it reaches maximum range.
   It affects your dexterity (+3).
   It protects you from poison.
   It greatly protects you from negative energy.
   It affects your resistance to hostile enchantments.
 Z - the +9 dagger of Megalomania {freeze, rElec Str-3 Int+3 Stlth+}
   (You bought it in a shop on level 6 of the Dungeon)

   It has been specially enchanted to freeze those struck by it, causing extra
   injury to most foes and up to half again as much damage against particularly
   susceptible opponents.
   It can also slow down cold-blooded creatures.
   It affects your strength (-3).
   It affects your intelligence (+3).
   It insulates you from electricity.
   It makes you more stealthy.
Missiles
 b - 8 atropa-tipped darts
 m - 52 poisoned darts (quivered)
 T - 230 arrows
Armour
 c - a +1 cloak
 e - the cursed +1 plate armour "Citon" {Dex+6, unknown}
   (You bought it in a shop on level 2 of the Orcish Mines)

   It affects your dexterity (+6).
   It has a curse placed upon it.
 i - the +2 scale mail "Wuwkeeng" {rF- Regen+ Int+8 Stlth+, unknown}
   (You bought it in a shop on level 2 of the Orcish Mines)

   It affects your intelligence (+8).
   It makes you vulnerable to fire.
   It increases your rate of regeneration.
   It makes you more stealthy.
 v - a +1 pair of gloves (worn)
 z - a +1 pair of gloves
 K - a +0 helmet (worn)
 N - a +0 cloak (worn)
 P - a +2 ring mail of magic resistance (worn)
Magical Staves
 w - an uncursed staff of death
 H - an uncursed staff of air
Jewellery
 a - an uncursed ring of positive energy
 d - an uncursed ring of poison resistance
 k - an uncursed ring of ice
 p - a ring of stealth (left hand)
 s - an uncursed ring of protection from fire
 y - a +4 amulet of reflection (around neck)
 Q - a +4 ring of strength (right hand)
Wands
 B - a wand of digging (16)
 F - a wand of enslavement (5)
 M - a wand of disintegration (1)
 R - a wand of polymorph (4)
 U - a wand of flame (21)
 V - a wand of random effects (16)
Scrolls
 l - 9 scrolls of identify
 u - 9 scrolls of teleportation
 A - 2 scrolls of enchant armour
 C - 2 scrolls of fog
 E - 2 scrolls of enchant weapon
 J - a scroll of magic mapping
 O - a scroll of amnesia
Potions
 g - 15 potions of curing
 j - 7 potions of brilliance
 n - 3 potions of flight
 o - 4 potions of degeneration
 q - a potion of agility
 t - 3 potions of haste
 D - a potion of cancellation
 X - a potion of magic
Miscellaneous
 r - a crystal ball of energy
Comestibles
 f - 16 rations


   Skills:
 + Level 11.5 Fighting
 + Level 10.6(11.7) Short Blades
 + Level 8.5(10.7) Long Blades
   Level 6.6 Axes
 + Level 4.1 Throwing
 + Level 9.9 Armour
 + Level 9.3 Dodging
 + Level 9.9 Stealth
 + Level 3.1 Spellcasting
 + Level 3.0 Conjurations
 + Level 2.1 Translocations
 + Level 6.2 Evocations


You had 15 spell levels left.
You knew the following spells:

 Your Spells              Type           Power        Failure   Level  Hunger
a - Blink                 Tloc           N/A          16%         2    ##.....
b - Conjure Flame         Conj/Fire      #.......     36%         3    ###....

Your spell library contained the following spells:

 Spells                   Type           Power        Failure   Level  Hunger
 Magic Dart               Conj           #...         7%          1    #......
 Sandblast                Erth           #.....       24%         1    #......
 Call Imp                 Summ           #.......     34%         2    ##.....
 Passwall                 Tmut/Erth      #.......     34%         2    ##.....
 Slow                     Hex            #.......     34%         2    ##.....
 Sublimation of Blood     Necr           #.........   34%         2    ##.....
 Stone Arrow              Conj/Erth      #.....       36%         3    ###....
 Mephitic Cloud           Conj/Pois/Air  #.......     45%         3    ###....
 Ignite Poison            Fire/Tmut/Pois #.......     58%         3    ###....
 Petrify                  Tmut/Erth      #.......     94%         4    #####..
 Irradiate                Conj/Tmut      #.........   98%         5    ######.
 Alistair's Intoxication  Tmut/Pois      #.......     100%        5    ######.
 Lee's Rapid Deconstruct  Erth           #.........   100%        5    ######.
 Haunt                    Necr/Summ      #.........   100%        7    #######
 Borgnjor's Revivificati  Necr           #.........   100%        8    #######
 Death's Door             Chrm/Necr      #.........   100%        8    #######
 Infestation              Necr           #.........   100%        8    #######
 Necromutation            Tmut/Necr      #.........   100%        8    #######


Dungeon Overview and Level Annotations

Branches:
Dungeon (12/15)            Temple (1/1) D:7            Lair (6/6) D:11
 Shoals (0/4) Lair:3        Snake (0/4) Lair:2        Slime (0/5) Lair:5
    Orc (2/2) D:10            Elf (0/3) Orc:2         Sewer (visited)
Ossuary (visited)

Altars:
Ashenzari
Dithmenos
Elyvilon
Gozag
Kikubaaqudgha
Makhleb
Okawaru
Sif Muna
Trog
Uskayaw
Wu Jian
Xom
Beogh
Jiyva

Shops:
D:6 ?[**(   D:11 [((   Orc:2 *(=*[

Annotations:
Lair:2 exclusion: downstairs
Lair:4 1 runed translucent door, exclusions: downstairs, torpor snail and 1 more exclusion
Lair:5 exclusion: 4 oklob plants


Innate Abilities, Weirdness & Mutations

Your spells are a little easier to cast, but a little less powerful.


Message History

The orc warlord is almost dead.
You feel sick.
The orc warlord hits you with a +2 halberd of venom!!
* * * LOW HITPOINT WARNING * * *
You closely miss the orc warlord.
The orc warlord is almost dead.
You feel sick.
You hit the orc warlord.
The orc warlord is almost dead.
You feel sick.
The orc warlord hits you with a +2 halberd of venom!
* * * LOW HITPOINT WARNING * * *
You hit the orc warlord.
The orc warlord is almost dead.
You slash the orc warlord!
The orc warlord is almost dead.
You feel sick.
The orc warlord hits you with a +2 halberd of venom!
You die...
Your body crumbles into a pile of gold.

####......P.................[
##.#.........P..............[.
#..#.#.....PP.......P.........
##..∩..#.#.P....P.............
##.##.#.###.....∩..8P..........
#........##..............##....
##......###..P.P.....P....##...
#.....### ##..P....P.....#####.
####....### #..@........### #.
#$........## ###oP....###### ##
##.........# ##.........#.#####
.........######.#.......o...##.##
...........##.#..)..............#
.........)..o...............#..##
......................#.......[..
...#.#.#.............###.........
..#.####............## ##........


You could see an orc warlord.

Vanquished Creatures
  An orc warlord (Orc:1)
  Josephine (D:10)
  5 catoblepae (Lair:6)
  3 hydras
  3 two-headed ogres
  15 death yaks
  5 orc high priests
  Sonja (Lair:1)
  Pikel (D:7)
  2 orc knights
  2 lindwurms (Lair:6)
  5 orc sorcerers
  2 manticores (Lair:6)
  An ugly thing (D:12)
  A merfolk siren (Lair:3)
  A torpor snail (Lair:5)
  3 black mambas
  A centaur skeleton (D:11)
  4 spiny frogs
  A rime drake (Lair:3)
  5 komodo dragons
  2 trolls
  3 merfolk (Lair:3)
  A troll (shapeshifter) (D:11)
  A polar bear (shapeshifter) (D:12)
  A tengu conjurer (D:12)
  A hornet (D:10)
  The ghost of Looknius the Skirmisher, an amateur DsAK of Lugonu (D:4)
  15 blink frogs
  A polar bear (Lair:3)
  10 hippogriffs
  A meliai zombie (D:12)
  6 dream sheep (Lair:6)
  Sigmund (D:5)
  5 wraiths
  2 wyverns
  52 yaks
  3 basilisks
  A hungry ghost (D:8)
  8 nagas (Lair:2)
  3 wargs
  An acid dragon (D:12)
  Duvessa (D:5)
  8 water moccasins
  4 porcupines
  An ice beast (D:10)
  29 orc warriors
  A black bear (D:9)
  3 phantoms
  3 sky beasts
  5 centaurs
  9 ogres
  2 wolves (Lair:3)
  5 crocodiles
  6 big kobolds
  An elf zombie (Ossuary)
  11 bullfrogs
  A gnoll (D:9)
  14 orc priests
  3 scorpions
  12 killer bees
  Dowan (D:6)
  3 wights (D:12)
  2 vampire bats (Lair:2)
  3 electric eels
  4 crimson imps
  3 bullfrog zombies
  4 centaur zombies
  5 hounds
  A human zombie (Ossuary)
  13 orc wizards
  4 bullfrog skeletons
  Crazy Yiuf (D:5)
  8 worker ants
  3 iguanas
  A hound skeleton (D:5)
  2 mummies (Ossuary)
  A howler monkey skeleton (D:9)
  4 river rats
  6 adders
  4 shadow imps
  4 oozes (Sewer)
  An adder zombie (Ossuary)
  4 worms
  2 dart slugs (D:1)
  4 leopard geckos
  36 orcs
  5 ball pythons
  9 bats
  10 giant cockroaches
  6 goblins
  6 hobgoblins
  A jackal (D:4)
  23 kobolds
  2 quokkas
  5 frilled lizards
  2 goblin zombies (Ossuary)
  8 hobgoblin zombies (Ossuary)
  A jackal zombie (Ossuary)
  10 kobold zombies (Ossuary)
  A leopard gecko skeleton (D:5)
  8 orc zombies (Ossuary)
  A quokka skeleton (D:9)
  11 rats
  3 rat zombies (Ossuary)
537 creatures vanquished.

Vanquished Creatures (collateral kills)
  2 lindwurms (Lair:6)
  A wyvern (D:12)
  A phantom (D:4)
  An orc wizard (D:4)
  A bullfrog skeleton (D:6)
  3 gnolls (D:9)
  8 orcs
  A hobgoblin (D:2)
  A jackal (D:4)
19 creatures vanquished.

Vanquished Creatures (others)
  A yak (Lair:6)
  2 slaves (D:6)
  An ogre (D:9)
  A howler monkey (D:4)
  A worker ant (D:5)
  A gnoll (D:3)
  A worm (D:2)
  4 orcs
  10 fungi
  6 plants (Lair:6)
28 creatures vanquished.

Grand Total: 584 creatures vanquished

Notes
Turn   | Place    | Note
-------+----------+-------------------------------------------
     0 | D:1      | H0rd4k the Human Artificer began the quest for the Orb.
     0 | D:1      | Reached XP level 1. HP: 15/15 MP: 3/3
   123 | D:1      | Reached XP level 2. HP: 11/21 MP: 4/4
   636 | D:2      | Reached XP level 3. HP: 26/26 MP: 5/5
   689 | D:2      | Found an iron altar of Okawaru.
   917 | D:2      | Reached XP level 4. HP: 7/32 MP: 6/6
  1552 | D:2      | Reached skill level 1 in Armour
  2083 | D:4      | Reached skill level 1 in Long Blades
  2259 | D:4      | Reached XP level 5. HP: 30/38 MP: 7/7
  2263 | D:4      | Noticed a phantom
  2317 | D:4      | Killed a phantom
  2317 | D:4      | Reached XP level 6. HP: 11/44 MP: 8/8
  2362 | D:4      | Found a runed translucent door.
  2362 | D:4      | Noticed Looknius's ghost (amateur DsAK)
  2369 | D:4      | Reached skill level 2 in Fighting
  2400 | D:4      | Noticed a phantom
  2449 | D:4      | Killed a phantom
  2642 | D:4      | Found a sand-covered staircase.
  2646 | Ossuary  | Entered an ossuary
  2747 | Ossuary  | Upgraded the game from 0.24.0-7-gb3623d2c88 to
                  | 0.24.0-10-g970556be89
  3191 | Ossuary  | Reached XP level 7. HP: 38/50 MP: 9/9
  4185 | D:4      | Reached skill level 3 in Fighting
  4408 | D:4      | Reached XP level 8. HP: 44/58 MP: 11/11
  4553 | D:5      | Entered Level 5 of the Dungeon
  4604 | D:5      | Noticed Sigmund
  4620 | D:5      | Reached skill level 5 in Long Blades
  4632 | D:5      | Killed Sigmund
  4980 | D:5      | Found a shattered altar of Ashenzari.
  5109 | D:5      | Found a runed translucent door.
  5110 | D:5      | Noticed Crazy Yiuf
  5449 | D:5      | Found an ancient bone altar of Kikubaaqudgha.
  5799 | D:6      | Noticed Dowan
  5800 | D:6      | Noticed Duvessa
  5803 | D:6      | Killed Dowan
  5831 | D:5      | Killed Duvessa
  6043 | D:6      | Found Teluob's Assorted Antiques.
  6338 | D:6      | Found a glowing drain.
  6371 | Sewer    | Entered a sewer
  6397 | Sewer    | Reached skill level 4 in Fighting
  6602 | Sewer    | Reached XP level 9. HP: 48/65 MP: 12/12
  7272 | D:6      | Found Doinigea's Antique Weapon Shoppe.
  7329 | D:6      | Found Lyarch's General Store.
  7357 | D:6      | Found Culofat's Magic Scroll Shop.
  7357 | D:6      | You fall into a shaft and drop 2 floors!
  7478 | D:6      | Noticed Pikel
  7489 | D:7      | Paralysed by Pikel for 7 turns
  7505 | D:7      | Killed Pikel
  7505 | D:7      | Reached skill level 5 in Fighting
  7648 | D:7      | Found a staircase to the Ecumenical Temple.
  7668 | Temple   | Entered the Ecumenical Temple
  7675 | Temple   | Became a worshipper of Gozag Ym Sagoz the Greedy
  8073 | D:7      | Found a hide-covered altar of Uskayaw.
  8933 | D:6      | Found Kehimuint's Armour Emporium.
  9313 | D:8      | Got a translucent war axe
  9314 | D:8      | Identified the +4 war axe of Yesterday {freeze, +Fly} (You
                  | found it on level 8 of the Dungeon)
  9406 | D:8      | Reached XP level 10. HP: 74/75 MP: 13/13
  9812 | D:8      | Reached skill level 5 in Short Blades
  9813 | D:8      | Reached skill level 6 in Fighting
 10160 | D:8      | Found a shimmering blue altar of Sif Muna.
 10229 | D:9      | Found a shimmering altar of Xom.
 10241 | D:9      | Reached skill level 1 in Axes
 10330 | D:9      | Noticed a two-headed ogre
 10335 | D:9      | Killed a two-headed ogre
 10335 | D:9      | Reached skill level 5 in Dodging
 10335 | D:9      | Reached skill level 5 in Stealth
 10511 | D:9      | Found a shadowy altar of Dithmenos.
 10554 | D:9      | Noticed a two-headed ogre
 10558 | D:9      | Killed a two-headed ogre
 10558 | D:9      | Reached skill level 5 in Axes
 10747 | D:9      | Reached XP level 11. HP: 38/83 MP: 14/14
 10983 | D:9      | Found an ornate altar of the Wu Jian Council.
 11271 | D:6      | Bought a smoking quarterstaff for 234 gold pieces
 11271 | D:6      | Bought a faintly glowing dagger for 182 gold pieces
 11271 | D:6      | Identified the +7 quarterstaff "Irauxen" {freeze, rPois MR+
                  | Dex-5} (You bought it in a shop on level 6 of the Dungeon)
 11272 | D:6      | Identified the +9 dagger of Megalomania {freeze, rElec
                  | Str-3 Int+3 Stlth+} (You bought it in a shop on level 6 of
                  | the Dungeon)
 11664 | D:10     | Entered Level 10 of the Dungeon
 11694 | D:10     | Reached skill level 7 in Fighting
 12314 | D:10     | Noticed Josephine
 12451 | D:10     | Got a dazzling scythe
 12452 | D:10     | Identified the +3 scythe of Glory {venom, Dex+3} (You found
                  | it on level 10 of the Dungeon)
 12550 | D:10     | Reached skill level 5 in Armour
 13237 | D:10     | Found a staircase to the Orcish Mines.
 13780 | D:11     | Noticed a death yak
 14788 | D:11     | Noticed a death yak
 14788 | D:11     | Noticed a death yak
 14789 | D:11     | Noticed a death yak
 14789 | D:11     | Noticed a death yak
 14790 | D:11     | Noticed a death yak
 14802 | D:11     | Killed a death yak
 14808 | D:11     | Killed a death yak
 14808 | D:11     | Reached XP level 12. HP: 68/92 MP: 15/15
 14813 | D:11     | Killed a death yak
 14813 | D:11     | Reached skill level 8 in Fighting
 14821 | D:11     | Killed a death yak
 14826 | D:11     | Killed a death yak
 14845 | D:11     | Killed a death yak
 14852 | D:11     | Noticed a two-headed ogre
 14859 | D:11     | Found a staircase to the Lair.
 15367 | D:10     | Killed Josephine
 15528 | D:11     | Killed a two-headed ogre
 15528 | D:11     | Reached skill level 5 in Evocations
 15799 | D:11     | Learned a level 2 spell: Blink
 15803 | D:11     | Learned a level 3 spell: Conjure Flame
 16008 | D:12     | Reached skill level 1 in Spellcasting
 16427 | D:12     | Reached skill level 1 in Conjurations
 16845 | D:12     | Upgraded the game from 0.24.0-10-g970556be89 to
                  | 0.24.0-13-gcf9b3192b9
 16855 | D:12     | Reached skill level 9 in Fighting
 17405 | Lair:1   | Entered Level 1 of the Lair of Beasts
 17684 | D:4      | Killed Looknius's ghost
 17772 | D:5      | Killed Crazy Yiuf
 18004 | Lair:1   | Noticed Sonja
 18015 | Lair:1   | Killed Sonja
 18015 | Lair:1   | Reached skill level 1 in Translocations
 18015 | Lair:1   | Reached XP level 13. HP: 101/101 MP: 16/16
 18401 | Lair:1   | Noticed a four-headed hydra
 18407 | Lair:1   | Killed a four-headed hydra
 19726 | Lair:2   | Reached skill level 1 in Throwing
 19749 | Lair:2   | Found a staircase to the Snake Pit.
 19850 | Lair:2   | Found a burning altar of Makhleb.
 21567 | Lair:3   | Found a staircase to the Shoals.
 21631 | Lair:3   | Reached skill level 10 in Fighting
 21646 | Lair:3   | HP: 5/103 [blink frog (5)]
 22042 | Lair:3   | You fall into a shaft and drop 2 floors!
 22091 | Lair:4   | Noticed a six-headed hydra
 22109 | Lair:4   | Killed a six-headed hydra
 22576 | Lair:4   | Reached XP level 14. HP: 90/110 MP: 18/18
 22820 | Lair:4   | Found a runed translucent door.
 22878 | Lair:4   | You fall into a shaft and drop 1 floor!
 22895 | Lair:5   | Found a viscous altar of Jiyva.
 22895 | Lair:5   | Found a staircase to the Slime Pits.
 23131 | Lair:5   | Reached skill level 10 in Short Blades
 24477 | Lair:6   | Entered Level 6 of the Lair of Beasts
 27675 | Lair:6   | Got a crude dire flail
 27752 | Lair:6   | Reached skill level 11 in Fighting
 27770 | Lair:6   | Got a polished quarterstaff
 28216 | Lair:4   | Reached XP level 15. HP: 60/118 MP: 19/19
 28571 | D:11     | Bought a bloodstained hand crossbow for 314 gold pieces
 28571 | D:11     | Bought a faintly glowing dagger for 259 gold pieces
 28583 | D:11     | Identified the +3 dire flail of Untruth {freeze, +Blink
                  | Str+3 Int+4} (You found it on level 6 of the Lair of
                  | Beasts)
 28584 | D:11     | Identified the cursed +2 quarterstaff "Lorem Ipsum" {elec,
                  | Int+2} (You found it on level 6 of the Lair of Beasts)
 28588 | D:11     | Identified the +5 hand crossbow of Wipatach {penet, rPois
                  | rN++ MR+ Dex+3} (You bought it in a shop on level 11 of the
                  | Dungeon)
 28594 | D:11     | Identified the +9 dagger of the Coward {speed, Str+7} (You
                  | bought it in a shop on level 11 of the Dungeon)
 28608 | D:11     | Bought a twisted scimitar for 234 gold pieces
 28608 | D:11     | Identified the +8 scimitar of Defiance {holy, rPois Str+3
                  | Int+2 Dex+3} (You bought it in a shop on level 11 of the
                  | Dungeon)
 28694 | Orc:1    | Entered Level 1 of the Orcish Mines
 28726 | Orc:1    | You fall into a shaft and drop 1 floor!
 28726 | Orc:2    | Entered Level 2 of the Orcish Mines
 28738 | Orc:2    | Found Xaabihui's Antique Armour Shoppe.
 28753 | Orc:2    | Found Urushrou's General Store.
 28764 | Orc:2    | Found Pesummuxt's Jewellery Shop.
 29363 | Orc:2    | Gained mutation: Your spells are a little easier to cast,
                  | but a little less powerful. [a neqoxec]
 29540 | Orc:2    | Noticed an orc warlord
 30360 | Orc:1    | Killed an orc warlord
 31002 | Orc:2    | Found Iptonago's General Store.
 31202 | Orc:2    | Found Pamitwe's Antique Weapon Emporium.
 31305 | Orc:2    | Bought a glowing cloak for 172 gold pieces
 31305 | Orc:2    | Bought a dazzling plate armour for 644 gold pieces
 31305 | Orc:2    | Bought a faintly glowing scale mail for 207 gold pieces
 31305 | Orc:2    | Bought a pair of runed gloves for 172 gold pieces
 31341 | Orc:2    | Found a roughly hewn altar of Beogh.
 31365 | Orc:2    | Found a staircase to the Elven Halls.
 31543 | Orc:2    | Noticed an orc warlord
 32096 | Orc:2    | Slain by an orc warlord

Levels and vault maps discovered:
D:1:      co_arrival_random_square_maze, layout_rooms
D:2:      layout_loops_corners, kennysheep_okawaru_gauntlet
D:3:      layout_loops_corners, minmay_fractal_squares_gapless_5
D:4:      layout_gridville, enter_ossuary_5, gammafunk_ghost_grave
D:5:      layout_basic, nicolae_overflow_crystal_walls, old_standard_altar,
          first_ration, uniq_sigmund, uniq_crazy_yiuf_cottage
D:6:      layout_cave_pools, serial_shops, shop, nicolae_shop_trees, shop, shop,
          nicolae_shop_trees, portal_sewer_entry_b, uniq_duvessa, uniq_pikel
D:7:      layout_basic, lemuel_doored_altar, minmay_temple_entry_junction_2,
          minivault_10
D:8:      layout_loops_corners, lemuel_round_altar
D:9:      layout_loops_ring, nicolae_dithmenos_through_a_glass_darkly,
          old_standard_altar, kennysheep_mini
D:10:     layout_loops_corners, david_orc_4, uniq_josephine
D:11:     cheibrodos_barr_body, layout_basic, dpeg_lair_monsters
D:12:     layout_layer_cave, grunt_tengu_nest, minmay_misc_feat_encased
Temple:   zaba_magenta_temple
Lair:1:   layout_layer_cave, uniq_sonja
Lair:2:   layout_long_grid, minmay_snake_entry_guardpost_medium, basic_altar,
          roderic_batcave, serial_bayou_pond_a
Lair:3:   layout_chaotic_city, elwin_shoals_entry_stream, beast_lair_carwin_3
Lair:4:   layout_long_grid, serial_bayou_lagoon_a, pf_torpor_hydra,
          grunt_megastairs_4, lemuel_fruit_fields
Lair:5:   layout_layer_cave, slime_altar_1, serial_bayou_shore_a,
          minmay_lair_oklob_chamber
Lair:6:   evilmike_catoblepas_cave, layout_cave_pods, minivault_19,
          serial_bayou_ford_a, minmay_lindwurm_lava
Orc:1:    layout_diamond_mine
Orc:2:    grunt_orc_gardens, layout_diamond_mine, grunt_orc_garden,
          grunt_orc_garden, grunt_orc_garden, grunt_orc_garden, serial_shops,
          nicolae_shop_crystal, basic_altar

Skill      XL: |  1  2  3  4  5  6  7  8  9 10 11 12 13 14 15 |
---------------+----------------------------------------------+-----
Short Blades   | 2 4 5 6 8 9 10 | 10.6
Armour         | 1 2 3 4 6 7 8 9 |  9.9
Long Blades    | 1 2 3 4 6 7 8 |  8.5
Fighting       | 2 3 4 5 6 7 9 10 11 | 11.5
Dodging        | 3 4 5 6 7 9 |  9.3
Evocations     | 4 5 6 |  6.2
Stealth        | 2 3 4 5 6 7 8 9 |  9.9
Axes           | 5 6 |  6.6
Spellcasting   | 2 3 |  3.1
Conjurations   | 2 3 |  3.0
Translocations | 1 2 |  2.1
Throwing       | 2 4 |  4.1

Action                   |  1- 3 |  4- 6 |  7- 9 | 10-12 | 13-15 || total
-------------------------+-------+-------+-------+-------+-------++-------
Melee: Short sword       |   120 |       |   221 |    41 |       ||   382
       Falchion          |       |   181 |   446 |       |       ||   627
       War axe           |       |       |     4 |    95 |       ||    99
       Dagger            |       |       |       |   609 |  1049 ||  1658
       Scimitar          |       |       |       |       |   228 ||   228
Throw: Dart              |    12 |       |       |     3 |    66 ||    81
Invok: Call Merchant     |       |       |       |       |     3 ||     3
       Potion Petition   |       |       |       |       |     1 ||     1
Evoke: Wand              |     4 |    20 |    27 |    18 |    46 ||   115
  Use: Scroll            |       |     4 |     1 |    10 |    23 ||    38
       Potion            |       |       |     1 |       |    15 ||    16
 Stab: Sleeping          |     1 |     2 |     7 |    15 |    16 ||    41
       Paralysed         |       |       |     5 |       |       ||     5
       Confused          |       |       |       |     4 |     2 ||     6
       Distracted        |       |       |       |       |     5 ||     5
       Invisible         |       |       |       |       |     2 ||     2
       Petrified         |       |       |       |       |     2 ||     2
  Eat: Chunk             |       |     5 |     8 |       |       ||    13
       Ration            |       |     1 |     4 |     9 |    13 ||    27
Armor: Leather armour    |    32 |    26 |    80 |    14 |       ||   152
       Ring mail         |       |       |       |   129 |   210 ||   339
Dodge: Dodged            |    80 |   126 |   295 |   272 |   423 ||  1196
Block: Other             |       |     2 |    63 |    66 |   113 ||   244
       Reflection        |       |       |     1 |     5 |     5 ||    11
       Rpst.: Falchion   |       |    39 |    79 |       |       ||   118
       Scimitar          |       |       |       |       |    31 ||    31
